 Seeded DCSS version 0.30.1-4-g462c640d31 (webtiles) character file.

Game seed: 5 (custom seed)

1975 Kazon the Trooper (level 9, -2/89 HPs)
             Began as an Ogre Gladiator on Sept 1, 2023.
             Was a Follower of the Shining One.
             Slain by a two-headed ogre
             ... wielding a +0 giant spiked club
              (8 damage)
             ... on level 7 of the Dungeon.
             The game lasted 00:28:43 (4083 turns).

Kazon the Trooper (Ogre Gladiator)                  Turns: 4083, Time: 00:28:45

Health: -2/89      AC:  6    Str: 22    XL:     9   Next: 20%
Magic:  0/21       EV: 10    Int: 11    God:    the Shining One [*.....]
Gold:   273        SH: 14    Dex: 18    Spells: 8/8 levels left

rFire   . . .        f - +0 hand axe (flame)
rCold   . . .        c - +0 tower shield
rNeg    . . .        b - +0 robe
rPois   .            j - +0 hat
rElec   .            y - +2 cloak of Ryufych {rCorr Int+2}
rCorr   +            (gloves unavailable)
SInv    .            (boots unavailable)
Will    .....        E - amulet of guardian spirit
Stlth   +            s - ring of magical power
HPRegen 0.34/turn    x - +6 ring of dexterity
MPRegen 0.17/turn

%: guardian spirit
@: glowing
A: large, unfitting armour, tough skin 1
a: Renounce Religion, Divine Shield


You were on level 7 of the Dungeon.
You worshipped the Shining One.
The Shining One was aware of your devotion.
You visited 2 branches of the dungeon, and saw 8 of its levels.

You collected 273 gold pieces.

Inventory:

Hand Weapons
 a - a +0 war axe
 f - a +0 hand axe of flaming (weapon)
Missiles
 d - 3 throwing nets
 g - a large rock
 k - 4 boomerangs
 l - 16 stones
 r - 4 poisoned darts (quivered)
Armour
 b - a +0 robe (worn)
 c - a +0 tower shield (worn)
 j - a +0 hat (worn)
 y - the +2 cloak of Ryufych (worn) {rCorr Int+2}
   (You acquired it on level 1 of the Dungeon)

   Int:       It affects your intelligence (+2).
   rCorr:     It protects you from acid and corrosion.
Jewellery
 s - a ring of magical power (left hand)
 x - a +6 ring of dexterity (right hand)
 E - an amulet of guardian spirit (around neck)
Wands
 A - a wand of paralysis (6)
Scrolls
 e - a scroll of enchant armour {unknown}
 h - a scroll of fog {unknown}
 m - a scroll of teleportation
 n - a scroll of blinking {unknown}
 o - 2 scrolls of magic mapping {unknown}
 p - a scroll of summoning {unknown}
 q - 2 scrolls of identify {unknown}
 w - a scroll of torment {unknown}
 B - a scroll of amnesia {unknown}
 C - a scroll of poison {unknown}
Potions
 i - a potion of resistance {unknown}
 t - a potion of invisibility
 u - 2 potions of flight
 v - a potion of magic


   Skills:
 * Level 5.8 Fighting
 + Level 5.7 Axes
 * Level 5.0 Throwing
 * Level 5.5 Dodging
 + Level 0.2 Stealth
 * Level 4.3 Shields
 * Level 4.0 Invocations
 * Level 2.2 Evocations


You had 8 spell levels left.
You didn't know any spells.
Your spell library contained the following spells:

 Spells                   Type           Power      Damage    Failure   Level
 Frozen Ramparts          Ice            0%         1d1       100%        3
 Ignite Poison            Fire/Tmut/Pois 0%         N/A       100%        3
 Ice Form                 Ice/Tmut       0%         N/A       100%        4
 Sticky Flame             Conj/Fire      0%         2d3       100%        4
 Summon Ice Beast         Ice/Summ       0%         N/A       100%        4
 Summon Forest            Summ/Tloc      0%         N/A       100%        5
 Eringya's Noxious Bog    Tmut/Pois      0%         N/A       100%        6
 Summon Hydra             Summ           0%         N/A       100%        7
 Ignition                 Fire           0%         3d3       100%        8


Dungeon Overview and Level Annotations

Branches:
Dungeon (7/15)             Temple (1/1) D:4

Altars:
Dithmenos
Fedhas
Hepliaklqana
Qazlal
Trog
Wu Jian
Xom
The Shining One


Innate Abilities, Weirdness & Mutations

You are too large for most types of armour.
You have tough skin. (AC +1)


Message History

a bat corpse; a bat corpse
Aiming: Paralyse
Press: ? - help, Shift-Dir - straight line, f - two-headed ogre
Aim: a two-headed ogre, wielding a +0 giant spiked club and a +0 giant club (chance to affect: 37%)
The two-headed ogre suddenly stops moving!
You slash the two-headed ogre! You burn the two-headed ogre.
The two-headed ogre is lightly wounded.
You hit the two-headed ogre but do no damage.
The two-headed ogre is lightly wounded.
You hit the two-headed ogre. You burn the two-headed ogre.
The two-headed ogre is lightly wounded.
You hear the hiss of an avalanche of sand very nearby.
You hit the two-headed ogre. You burn the two-headed ogre.
The two-headed ogre is lightly wounded.
You hit the two-headed ogre. You burn the two-headed ogre.
The two-headed ogre is moderately wounded.
You hit the two-headed ogre but do no damage.
The two-headed ogre is moderately wounded.
The two-headed ogre is no longer paralysed.
The two-headed ogre completely misses you.
The two-headed ogre hits you with a +0 giant club.
You hit the two-headed ogre. You burn the two-headed ogre.
The two-headed ogre is moderately wounded.
The two-headed ogre hits you with a +0 giant spiked club!!
You block the two-headed ogre's attack.
You hit the two-headed ogre. You burn the two-headed ogre.
The two-headed ogre is moderately wounded.
The two-headed ogre hits you with a +0 giant spiked club!!
* * * LOW HITPOINT WARNING * * *
You block the two-headed ogre's attack.
You hit the two-headed ogre. You burn the two-headed ogre.
The two-headed ogre is heavily wounded.
Aiming: Paralyse
Press: ? - help, Shift-Dir - straight line, f/p - two-headed ogre
Aim: a two-headed ogre, wielding a +0 giant spiked club and a +0 giant club (heavily wounded, haloed, chance to affect: 37%)
The two-headed ogre easily resists.
The two-headed ogre hits you with a +0 giant spiked club!!
* * * LOW HITPOINT WARNING * * *
The two-headed ogre hits you with a +0 giant club!
You die...

#.# ###.# #...# #.#.#
###.### ##...##
##.....##
#..O....#########. #
##.@...###........ #..
##.†.###.........
#....##†####..####.##.
.................#.#
#.....###......#.#.#
#..............#.#.#####
#########......#........
#..........#####
############


You could see a two-headed ogre.

Vanquished Creatures
  Sigmund (D:4)
  Duvessa (D:6)
  A water moccasin (D:6)
  2 black bears (D:4)
  2 centaurs
  An ogre (D:5)
  2 scorpions
  4 killer bees (D:7)
  Dowan (D:6)
  A howler monkey (D:6)
  A vampire bat (D:7)
  5 hounds
  A jelly (D:5)
  3 orc priests (D:6)
  6 iguanas
  4 orc wizards (D:6)
  4 gnolls (D:5)
  9 adders
  2 ufetubi
  3 worms
  14 orcs
  11 bats
  9 endoplasms
  A giant cockroach (D:1)
  12 goblins
  7 hobgoblins
  11 jackals
  3 kobolds
  3 quokkas (D:4)
  6 ball pythons
  3 frilled lizards
  4 rats
138 creatures vanquished.

Notes
Turn   | Place    | Note
-------+----------+-------------------------------------------
     0 | D:1      | Kazon the Ogre Gladiator began the quest for the Orb.
     0 | D:1      | Reached XP level 1. HP: 22/22 MP: 1/1
    35 | D:1      | Identified a scroll of acquirement
    35 | D:1      | Acquired the +2 cloak of Ryufych {rCorr Int+2}
    54 | D:1      | Reached XP level 2. HP: 29/29 MP: 2/2
   285 | D:1      | Reached XP level 3. HP: 37/37 MP: 3/3
   965 | D:2      | Reached XP level 4. HP: 45/45 MP: 4/4
  1635 | D:3      | Found a blossoming altar of Fedhas.
  1657 | D:3      | Reached XP level 5. HP: 45/54 MP: 5/5
  1742 | D:3      | Identified the +2 sling "Qeuhanocyt" {speed, rElec Str-3
                  | Dex+2}
  1761 | D:3      | Found a faded altar of an unknown god.
  1813 | D:3      | Found a stormy altar of Qazlal.
  2023 | D:4      | Found a staircase to the Ecumenical Temple.
  2031 | Temple   | Entered the Ecumenical Temple
  2039 | Temple   | Became a worshipper of the Shining One
  2050 | D:4      | Reached skill level 1 in Shields
  2231 | D:4      | Noticed a black bear
  2246 | D:4      | Killed a black bear
  2247 | D:4      | Reached XP level 6. HP: 46/62 MP: 7/7
  2253 | D:4      | Found a hazy altar of Hepliaklqana.
  2257 | D:4      | Found a shadowy altar of Dithmenos.
  2257 | D:4      | Noticed a shadow
  2285 | D:4      | Noticed Sigmund
  2327 | D:4      | Killed Sigmund
  2328 | D:4      | Reached XP level 7. HP: 19/71 MP: 8/8
  2764 | D:5      | Entered Level 5 of the Dungeon
  2885 | D:5      | Reached skill level 1 in Evocations
  3270 | D:5      | Reached skill level 5 in Fighting
  3270 | D:5      | Reached XP level 8. HP: 54/80 MP: 10/10
  3341 | D:6      | Noticed Dowan
  3351 | D:6      | Noticed Duvessa
  3353 | D:6      | Killed Dowan
  3383 | D:6      | Killed Duvessa
  3419 | D:6      | Reached skill level 5 in Axes
  3427 | D:6      | HP: 4/80 [centaur (1)]
  3433 | D:6      | Reached skill level 5 in Dodging
  3615 | D:6      | Found a shimmering altar of Xom.
  3692 | D:6      | Reached * piety under the Shining One
  3769 | D:6      | HP: 4/81 [poisoned by a water moccasin]
  3774 | D:6      | HP: 2/124 [poisoned by a water moccasin]
  3884 | D:7      | Reached XP level 9. HP: 34/89 MP: 11/11
  3917 | D:7      | HP: 4/89 [poisoned by a killer bee]
  3920 | D:7      | HP: 1/89 [poisoned by a killer bee]
  3924 | D:7      | Reached skill level 5 in Throwing
  3939 | D:7      | Noticed a two-headed ogre
  4083 | D:7      | Slain by a two-headed ogre

Illustrated notes

Levels and vault maps discovered:
D:1:      ebering_trefoil_3fold, layout_basic, st_stairs_14, serial_bayou_ford_a
D:2:      layout_basic, hangedman_decor_growths, minmay_close_crescents
D:3:      layout_rooms, mainiacjoe_overflow_concentric_impassable,
          mainiacjoe_overflow_paths, shapermc_ecumenical_altar_acropolis,
          chequers_serial_rivers_micro_b
D:4:      layout_basic, riverfiend_overflow_shadow_ancestor,
          minmay_temple_entry_glass, uniq_sigmund
D:5:      layout_gridville
D:6:      layout_basic, xom_teletrap_fun, uniq_duvessa
D:7:      layout_loops_ring, enter_ossuary_3, roderic_batcave
Temple:   nicolae_temple_elliptical

Skill      XL: |  1  2  3  4  5  6  7  8  9 |
---------------+----------------------------+-----
Dodging        | 3 4 5 |  5.5
Fighting       | 3 4 5 |  5.8
Shields        | 1 3 4 |  4.3
Axes           | 4 5 |  5.7
Invocations    | 2 3 4 |  4.0
Throwing       | 3 4 5 |  5.0
Evocations     | 1 2 |  2.2
Stealth        | |  0.2

Action                     |  1- 3 |  4- 6 |  7- 9 || total
---------------------------+-------+-------+-------++-------
  Melee: War axe           |   120 |   100 |       ||   220
         Hand axe          |       |    16 |   250 ||   266
  Throw: Stone             |     1 |    14 |    16 ||    31
         Dart              |       |     6 |    30 ||    36
         Throwing net      |       |     3 |       ||     3
         Boomerang         |       |       |    21 ||    21
         Large rock        |       |       |     1 ||     1
 Invoke: Divine Shield     |       |       |     1 ||     1
  Evoke: Wand              |       |       |     2 ||     2
    Use: Scroll            |     2 |       |     1 ||     3
         Potion            |     1 |     2 |     9 ||    12
 Armour: Robe              |    65 |    44 |    82 ||   191
  Dodge: Dodged            |    68 |    33 |    85 ||   186
  Block: Tower shield      |    16 |    53 |   233 ||   302
